 Dungeon Crawl Stone Soup version 0.28.0-49-g6dfe1f597d (webtiles) character file.

Game seed: 6459395419021115127

161 Exodus22XD the Chopper (level 5, -4/47 HPs)
             Began as a Minotaur Fighter on May 20, 2022.
             Was a High Priest of Ignis.
             Splashed by a jelly's acid (9 damage)
             ... on level 3 of the Dungeon.
             The game lasted 00:01:53 (2481 turns).

Exodus22XD the Chopper (Minotaur Fighter)           Turns: 2481, Time: 00:01:54

Health: -4/47      AC: -4    Str: 23    XL:     5   Next: 19%
Magic:  4/4        EV:  9    Int:  5    God:    Ignis [*****.]
Gold:   83         SH:  4    Dex:  9    Spells: 4/4 levels left

rFire   + . .      SeeInvis .   a - +0 war axe
rCold   . . .      Faith    .   c - +0 buckler
rNeg    . . .      Spirit   .   b - +0 scale mail
rPois   .          Reflect  .   (helmet restricted)
rElec   .          Harm     .   (no cloak)
rCorr   .          Rampage  .   (no gloves)
Will    .....                   (no boots)
Stlth   ..........              (no amulet)
HPRegen 0.15/turn               (no ring)
MPRegen 0.09/turn               (no ring)

@: corroded
A: horns 2, retaliatory headbutt
a: Renounce Religion, Fiery Armour, Foxfire Swarm, Rising Flame


You were on level 3 of the Dungeon.
You worshipped Ignis.
Ignis was extremely pleased with you.
You visited 1 branch of the dungeon, and saw 3 of its levels.

You collected 103 gold pieces.
You spent 20 gold pieces at shops.

Inventory:

Hand Weapons
 a - a +0 war axe (weapon)
Armour
 b - a +0 scale mail (worn)
 c - a +0 buckler (worn)
Jewellery
 f - a ring of wizardry
Wands
 m - a wand of flame (16)
Scrolls
 e - a scroll of enchant armour
 g - a scroll of fear {unknown}
 l - a scroll of holy word {unknown}
 o - a scroll of amnesia {unknown}
 q - a scroll of identify
Potions
 d - a potion of might
 h - 3 potions of haste
 i - a potion of flight {unknown}
 j - a potion of berserk rage {unknown}
 k - 2 potions of mutation {unknown}
 n - a potion of resistance {unknown}
 p - a potion of curing {unknown}
 r - 2 potions of ambrosia {unknown}


   Skills:
 + Level 4.3 Fighting
 + Level 4.8 Axes
 + Level 4.5 Armour
 + Level 4.3 Shields


You had 4 spell levels left.
You didn't know any spells.
Your spell library was empty.

Dungeon Overview and Level Annotations

Branches:
Dungeon (3/15)

Altars:
Trog
Ignis

Shops:
D:1 *


Innate Abilities, Weirdness & Mutations

You have a pair of horns on your head.
You reflexively headbutt those who attack you in melee.


Message History

The orc barely misses you.
An orc is nearby!
You barely miss the orc. You headbutt the orc.
You kill the orc!
Things that are here:
a +0 whip; an orc corpse No target in view!
As you open the door, it creaks loudly!
A jelly comes into view.
The jelly quivers.
There is an open door here.
A jelly is nearby!
A jelly is nearby!
You hit the jelly but do no damage. The acid corrodes you!
Your hands burn!
The jelly closely misses you.
A jelly is nearby!
You barely miss the jelly. The jelly hits you.
You are splashed with acid!
A jelly is nearby!
You hit the jelly but do no damage.
Your hands burn!
The jelly barely misses you. You furiously retaliate!
You headbutt the jelly!
A jelly is nearby!
You hit the jelly.
Your hands burn!
The jelly is almost dead.
The jelly hits you. The acid corrodes you!
You are splashed with acid!
The jelly hits you.
You are splashed with acid!
* * * LOW HITPOINT WARNING * * *
A jelly is nearby!
You are too injured to fight recklessly!
A jelly is nearby!
You are too injured to fight recklessly!
A jelly is nearby!
You are too injured to fight recklessly!
A jelly is nearby!
You hit the jelly but do no damage. The acid corrodes you!
Your hands burn!
* * * LOW HITPOINT WARNING * * *
The jelly is almost dead.
The jelly hits you.
* * * LOW HITPOINT WARNING * * *
You are splashed with acid!
You die...

#...# #.# #.#
#.#.# #.# #.#
#.#.#####.# #.#
#.#....##.# #.#
#.#######.# #.#
#.#######.###
#..
#...)........
###
#######........
#
#...J@'........
#
#######........
# #........ #
#........ #
#........ #
#........ #
#........
#######


You could see a jelly.

Vanquished Creatures
  An orc priest (D:3)
  Jessica (D:2)
  An adder (D:2)
  4 worms
  5 orcs (D:3)
  5 ball pythons
  7 endoplasms
  2 giant cockroaches
  6 hobgoblins
  2 jackals (D:1)
  4 quokkas
  8 bats
  6 frilled lizards
  10 goblins
  6 kobolds
  8 rats
76 creatures vanquished.

Notes
Turn   | Place    | Note
-------+----------+-------------------------------------------
     0 | D:1      | Exodus22XD the Minotaur Fighter began the quest for the
                  | Orb.
     0 | D:1      | Reached XP level 1. HP: 19/19 MP: 0/0
    33 | D:1      | Found Kuupn's General Store.
   172 | D:1      | Reached XP level 2. HP: 22/27 MP: 1/1
   760 | D:1      | Reached XP level 3. HP: 33/33 MP: 2/2
   780 | D:1      | Found a faded altar of an unknown god.
   792 | D:1      | Prayed at the altar of an unknown god.
   792 | D:1      | Became a worshipper of Ignis, the Dying Flame
   964 | D:2      | Noticed Jessica
  1039 | D:1      | Bought a scroll of identify for 20 gold pieces
  1080 | D:2      | Killed Jessica
  1192 | D:2      | Reached XP level 4. HP: 40/40 MP: 3/3
  2236 | D:3      | Reached XP level 5. HP: 46/47 MP: 4/4
  2250 | D:3      | Found a bloodstained altar of Trog.
  2481 | D:3      | Splashed by a jelly's acid

Illustrated notes

Levels and vault maps discovered:
D:1:      minmay_arrival_jagged, layout_basic, serial_shops, shop,
          chequers_ecumenical_altar_simple, serial_curves, eino_curves_02,
          eino_curves_01, minmay_small_reverse_x
D:2:      layout_loops_corners, ebering_dispersal_statue_hall, grunt_decor_cap,
          uniq_jessica
D:3:      layout_basic, lemuel_doored_altar

Skill      XL: |  1  2  3  4 |
---------------+-------------+-----
Armour         | 4 |  4.5
Fighting       | 4 |  4.3
Shields        | 4 |  4.3
Axes           | 3 4 |  4.8

Action                   |  1- 3 |  4- 6 || total
-------------------------+-------+-------++-------
Melee: War axe           |    88 |    77 ||   165
       Headbutt          |     7 |     8 ||    15
  Use: Scroll            |     2 |       ||     2
Armor: Scale mail        |    49 |    27 ||    76
Dodge: Dodged            |    33 |    32 ||    65
Block: Buckler           |    30 |    19 ||    49
